 Dungeon Crawl Stone Soup version 0.31-a0-263-ge8cad7f256 (webtiles) character file.

Game seed: 14506959409995794930

25 qw the Shooter (level 3, 0/21 HPs)
             Began as a Gargoyle Hexslinger on July 13, 2023.
             Frozen to death by an endoplasm (5 damage)
             ... on level 2 of the Dungeon.
             The game lasted 00:00:23 (796 turns).

qw the Shooter (Gargoyle Hexslinger)                 Turns: 796, Time: 00:00:23

Health: 0/21       AC:  5    Str: 17    XL:     3   Next: 6%
Magic:  4/4        EV: 12    Int: 13    God:
Gold:   59         SH:  0    Dex: 14    Spells: 3/4 levels left

rFire   . . .        Y - +1 sling
rCold   . . .        (no shield)
rNeg    + . .        c - +0 robe
rPois   inf          (no helmet)
rElec   +            (no cloak)
rCorr   .            (no gloves)
SInv    .            (no boots)
Will    .....        (no amulet)
Stlth   +            f - +6 ring of strength
HPRegen 0.23/turn    (no ring)
MPRegen 0.09/turn

%: no passive effects
@: no status effects
A: sickness immunity, AC +3, negative energy resistance 1, electricity
resistance, torment resistance 1, petrification resistance
a: no special abilities


You were on level 2 of the Dungeon.
You visited 1 branch of the dungeon, and saw 2 of its levels.

You collected 59 gold pieces.


Innate Abilities, Weirdness & Mutations

You are immune to sickness and miasma.
Your stone body is resilient. (AC +3)
You are immune to poison.
You resist negative energy. (rN+)
You are resistant to electric shocks. (rElec)
You are resistant to unholy torment.
You are immune to petrification.


   Skills:
 - Level 2.0 Fighting
 + Level 3.0 Ranged Weapons
 - Level 1.5 Dodging
 - Level 1.0 Spellcasting
 - Level 2.6 Hexes


You had 3 spell levels left.
You knew the following spells:

 Your Spells              Type           Power      Damage    Failure   Level
a - Slow                  Hex            28%        N/A       10%         1

Your spell library contained the following spells:

 Spells                   Type           Power      Damage    Failure   Level
 Inner Flame              Hex/Fire       4%         N/A       43%         3
 Portal Projectile        Hex/Tloc       8%         N/A       43%         3
 Cause Fear               Hex            3%         N/A       67%         4

Inventory:

Hand Weapons
 Y - a +1 sling (weapon)
Armour
 c - a +0 robe (worn)
Jewellery
 f - a +6 ring of strength (left hand)
Scrolls
 a - a scroll of noise {unknown}
Potions
 b - a potion of invisibility {unknown}
 e - a potion of curing {unknown}

Dungeon Overview and Level Annotations

Branches:
Dungeon (2/15)

Altars:
Wu Jian


Message History

The orc shouts!
You shoot a sling bullet. The sling bullet hits the orc.
The orc is moderately wounded.
You shoot a sling bullet.
The sling bullet hits the orc but does no damage.
The orc is moderately wounded.
You shoot a sling bullet.
The sling bullet hits the orc but does no damage.
The orc is moderately wounded.
You shoot a sling bullet.
The sling bullet hits the orc but does no damage.
The orc is moderately wounded.
An endoplasm comes into view.
You shoot a sling bullet. The sling bullet barely misses the orc.
The endoplasm quivers.
The orc hits you but does no damage.
You shoot a sling bullet. The sling bullet barely misses the orc.
The orc closely misses you. x2
You shoot a sling bullet.
The sling bullet closely misses the orc.
The orc barely misses you.
You shoot a sling bullet.
The sling bullet closely misses the orc.
The orc hits you with a +0 war axe!
You shoot a sling bullet. The sling bullet barely misses the orc.
The orc barely misses you.
You shoot a sling bullet. The sling bullet barely misses the orc.
The orc hits you with a +0 war axe! The endoplasm barely misses you.
A ball python comes into view.
You shoot a sling bullet.
The sling bullet hits the orc but does no damage.
The orc is moderately wounded.
The orc barely misses you. The endoplasm freezes you.
You are frozen.
The orc hits you but does no damage.
You shoot a sling bullet.
The sling bullet closely misses the orc.
The endoplasm freezes you.
You are frozen.
You die...

##...).......~~
#........#..~~
#........#.P~7
#.######........##.7.
#...............##...
#######.....#..##.... .
###.<....##....
....######....#...#.....
#......@...##.##........
.......oJ.........#.#...
..........##.#......#.#%
._.................#..#.
.................#....7~
.....#.S......##.#.#.7~~
.)..................77~~
............###..#.~7 ~~
.. ......~7 7~


You could see an orc, an endoplasm and a ball python.

Vanquished Creatures
  A dart slug (D:2)
  5 bats
  4 endoplasms (D:1)
  2 giant cockroaches (D:1)
  A goblin (D:1)
  2 hobgoblins (D:2)
  A quokka (D:1)
  A ball python (D:1)
  A frilled lizard (D:1)
  2 kobolds (D:1)
  A rat (D:1)
21 creatures vanquished.

Notes
Turn   | Place    | Note
-------+----------+-------------------------------------------
     0 | D:1      | qw the Gargoyle Hexslinger began the quest for the Orb.
     0 | D:1      | Reached XP level 1. HP: 12/12 MP: 2/2
     0 | D:1      | 0 ||| qw: Version: 0.3-a-52-g30416fa
     0 | D:1      | 0 ||| qw: Game counter: 7332
     0 | D:1      | 0 ||| qw: Melee chars always use a shield: true
     0 | D:1      | 0 ||| qw: God list: Okawaru
     0 | D:1      | 0 ||| qw: Allow faded altars: false
     0 | D:1      | 0 ||| qw: Do Orc after clearing Dungeon:15 true
     0 | D:1      | 0 ||| qw: Do second Lair branch before Depths: true
     0 | D:1      | 0 ||| qw: Lair rune preference: random
     0 | D:1      | 0 ||| qw: Goals: Normal
     0 | D:1      | 0 ||| PLANNING D:1-11
   177 | D:1      | Reached XP level 2. HP: 15/16 MP: 3/3
   328 | D:1      | Reached skill level 3 in Ranged Weapons
   652 | D:1      | 652 ||| UPGRADING to +6 ring of strength.
   653 | D:1      | 653 ||| READING 2 scrolls labelled HUALIX QILLEGRI.
   654 | D:1      | 654 ||| READING scroll labelled OGIXKU NAFI.
   655 | D:1      | 655 ||| READING scroll labelled LINESU GOYBODO.
   656 | D:1      | 656 ||| READING scroll labelled NAETOOTW YTUEHONWO.
   657 | D:1      | 657 ||| DROPPING scroll of vulnerability.
   658 | D:1      | 658 ||| DROPPING scroll of poison.
   742 | D:2      | Reached XP level 3. HP: 21/21 MP: 4/4
   782 | D:2      | Found an ornate altar of the Wu Jian Council.
   794 | D:2      | HP: 5/21 [orc/+0 war axe (7)]
   796 | D:2      | Frozen to death by an endoplasm

Levels and vault maps discovered:
D:1:      dreamdust_arrival_beginning_and_end, layout_basic
D:2:      layout_rooms, basic_altar, serial_bayou, serial_bayou_ford_a,
          serial_bayou_pond_d, serial_bayou_pond_e, serial_bayou_shore_a,
          serial_bayou_lake_a, serial_bayou_pond_d, kennysheep_crisscross

Skill      XL: |  1  2 |
---------------+-------+-----
Ranged Weapons | 3 |  3.0
Fighting       | 2 |  2.0
Dodging        | |  1.5
Spellcasting   | |  1.0
Hexes          | |  2.6

Action                     || total
---------------------------++-------
   Fire: Sling             ||   102
    Use: Scroll            ||     4
 Armour: Robe              ||    23
  Dodge: Dodged            ||    36

Table legend:
 A = Non-vault XP
 B = Vault XP
 C = Vault XP percentage of total XP
 D = Non-vault monster count
 E = Vault monster count
 F = Vault count percentage of total count
                 A         B        C        D         E       F
            +---------+---------+-------+---------+---------+-------
      Total |      37 |       0 |   0.0 |      21 |       0 |   0.0
            +---------+---------+-------+---------+---------+-------
        D:1 |      26 |       0 |   0.0 |      16 |       0 |   0.0
        D:2 |      11 |       0 |   0.0 |       5 |       0 |   0.0
            +---------+---------+-------+---------+---------+-------
